 Dungeon Crawl Stone Soup version 0.27-a0-1287-gca74d27db6 (webtiles) character file.

Game seed: 1963862913075753984

150528 ipx the Eclecticist (level 16, -2/93 HPs)
             Began as a Deep Elf Earth Elementalist on June 13, 2021.
             Was the Champion of Vehumet.
             Splashed by a goliath frog's acid (9 damage)
             ... on level 1 of the Swamp on June 14, 2021.
             The game lasted 04:49:07 (11709 turns).

ipx the Eclecticist (Deep Elf Earth Elementalist)  Turns: 11709, Time: 04:49:08

Health: -2/93      AC:  9    Str:  5    XL:     16   Next: 69%
Magic:  20/46      EV: 18    Int: 31    God:    Vehumet [******]
Gold:   421        SH:  7    Dex: 15    Spells: 5/45 levels left

rFire    . . .     SeeInvis .   b - +9 long sword "Piugronn" {flame, rC+ rN+ Will+ Int+3}
rCold    + . .     Faith    .   A - +2 buckler
rNeg     + . .     Spirit   .   q - +0 troll leather armour
rPois    +         Reflect  .   H - +2 helmet
rElec    .         Harm     .   (no cloak)
rCorr    .         Rampage  .   Q - +0 pair of gloves
Will     ++...                  e - +0 pair of boots {Fly}
Stlth    ++++......             J - amulet of magic regeneration
HPRegen  1.25/turn              W - ring of magical power
MPRegen  0.55/turn              p - ring of poison resistance

@: flying
A: no striking features
}: 1/15 runes: serpentine
a: Renounce Religion


You were on level 1 of the Swamp.
You worshipped Vehumet.
Vehumet was exalted by your worship.
You visited 6 branches of the dungeon, and saw 29 of its levels.
You also visited: Ice Cave.

You collected 2353 gold pieces.
You spent 1894 gold pieces at shops.
You paid 38 gold pieces to Gozag.

Inventory:

Hand Weapons
 b - the +9 long sword "Piugronn" (weapon) {flame, rC+ rN+ Will+ Int+3}
   (You took it off an orc priest on level 9 of the Dungeon)

   It has been specially enchanted to burn those struck by it, causing extra
   injury to most foes and up to half again as much damage against particularly
   susceptible opponents.
   Big, fiery blades are also staple armaments of hydra-hunters.
   It affects your intelligence (+3).
   It protects you from cold.
   It protects you from negative energy.
   It increases your willpower.
 Z - a +0 short sword of distortion
Missiles
 B - 4 curare-tipped darts (quivered)
Armour
 e - a +0 pair of boots of flying (worn)
 q - a +0 troll leather armour (worn)
 v - +0 steam dragon scales
 A - a +2 buckler (worn)
 H - a +2 helmet (worn)
 N - +0 acid dragon scales
 Q - a +0 pair of gloves (worn)
 S - a +0 hat of willpower
Magical Staves
 a - a staff of conjuration
 t - a staff of earth
Jewellery
 c - a ring of protection from cold
 f - a ring of protection from fire
 p - a ring of poison resistance (right hand)
 D - a +6 ring of dexterity
 J - an amulet of magic regeneration (around neck)
 V - a +4 ring of evasion
 W - a ring of magical power (left hand)
Wands
 k - a wand of charming (7)
 z - a wand of polymorph (18)
 F - a wand of mindburst (2)
 G - a wand of acid (2)
 L - a wand of iceblast (3)
Scrolls
 d - a scroll of immolation
 i - 4 scrolls of teleportation
 m - a scroll of fog
 o - 2 scrolls of holy word
 s - a scroll of enchant armour
 x - 2 scrolls of blinking
 y - a scroll of vulnerability
 K - 6 scrolls of identify
 M - a scroll of brand weapon
 P - a scroll of enchant weapon
Potions
 g - 3 potions of mutation
 h - 2 potions of flight
 j - 3 potions of might
 n - 4 potions of brilliance
 r - a potion of haste
 C - 3 potions of lignification
 E - a potion of berserk rage
 I - 4 potions of attraction
 R - a potion of cancellation
 U - 3 potions of curing
 X - 4 potions of heal wounds
Miscellaneous
 l - a lightning rod (4/4)


   Skills:
 - Level 8.0 Fighting
 + Level 14.7 Dodging
 - Level 9.0 Stealth
 - Level 4.0 Shields
 - Level 15.0 Spellcasting
 - Level 12.0 Conjurations
 - Level 4.0 Necromancy
 - Level 2.0 Translocations
 - Level 5.0 Transmutations
 * Level 13.3 Fire Magic
 - Level 2.0 Air Magic
 - Level 14.0 Earth Magic
 - Level 2.0 Poison Magic
 - Level 6.0 Evocations


You had 5 spell levels left.
You knew the following spells:

 Your Spells              Type           Power      Damage    Failure   Level
a - Apportation           Tloc           70%        N/A       1%          1
b - Starburst             Conj/Fire      40%        8x6d11    1%          6
c - Mephitic Cloud        Conj/Pois/Air  54%        N/A       1%          3
d - Lee's Rapid Deconstr  Erth           41%        3d21*     1%          5
i - Iron Shot             Conj/Erth      40%        9d8       1%          6
l - Blink                 Tloc           N/A        N/A       2%          2
m - Bolt of Magma         Conj/Fire/Erth 40%        4d17      1%          5
n - Sublimation of Blood  Necr           24%        N/A       1%          2
s - Stone Arrow           Conj/Erth      100%       3d13      1%          3
t - Petrify               Tmut/Erth      70%        N/A       1%          4
w - Passwall              Tmut/Erth      58%        N/A       1%          2
z - Magic Dart            Conj           100%       1d8       0%          1

Your spell library contained the following spells:

 Spells                   Type           Power      Damage    Failure   Level
 Ozocubu's Refrigeration  Ice            11%        4d7       99%         7
 Sandblast                Erth           100%       2d20      0%          1
 Animate Skeleton         Necr           96%        N/A       1%          1
 Beastly Appendage        Tmut           100%       N/A       1%          1
 Pain                     Necr           100%       1d9       1%          1
 Corpse Rot               Necr/Air       N/A        N/A       1%          2
 Wereblood                Tmut           53%        N/A       1%          2
 Conjure Flame            Conj/Fire      80%        6-21      1%          3
 Ignite Poison            Fire/Tmut/Pois 60%        N/A       1%          3
 Vampiric Draining        Necr           24%        2d9       1%          3
 Animate Armour           Summ/Erth      100%       N/A       1%          4
 Leda's Liquefaction      Hex/Erth       30%        N/A       1%          4
 Fireball                 Conj/Fire      40%        3d16      1%          5
 Spider Form              Tmut/Pois      22%        N/A       2%          3
 Corona                   Hex            25%        N/A       3%          1
 Summon Small Mammal      Summ           92%        N/A       3%          1
 Call Imp                 Summ           23%        N/A       4%          2
 Slow                     Hex            23%        N/A       4%          2
 Gell's Gravitas          Tloc           17%        N/A       4%          3
 Animate Dead             Necr           24%        N/A       6%          4
 Dispel Undead            Necr           48%        3d18      6%          4
 Yara's Violent Unravell  Hex/Tmut       19%        3d9       9%          5
 Confusing Touch          Hex            23%        N/A       10%         3
 Ice Form                 Ice/Tmut       38%        N/A       12%         4
 Agony                    Necr           48%        N/A       17%         5
 Excruciating Wounds      Necr           24%        N/A       17%         5
 Metabolic Englaciation   Hex/Ice        11%        N/A       65%         5
 Statue Form              Tmut/Erth      46%        N/A       10%         6
 Ignition                 Fire           40%        3d12      24%         8
 Lehudib's Crystal Spear  Conj/Erth      40%        10d10     26%         8
 Shatter                  Erth           41%        3d32*     92%         9
 Fire Storm               Conj/Fire      40%        8d10      98%         9
 Chain Lightning          Conj/Air       30%        3d40      100%        9
 Polar Vortex             Ice            11%        N/A       100%        9


Dungeon Overview and Level Annotations

Branches:
Dungeon (15/15)            Temple (0/1) D:7            Lair (6/6) D:8
  Swamp (1/4) Lair:3        Snake (4/4) Lair:3        Slime (0/5) Lair:6
    Orc (2/2) D:10            Elf (1/3) Orc:2        Vaults (0/5) D:13
  IceCv (visited)
 Depths: D:15

Altars:
Elyvilon
Gozag
Hepliaklqana
Vehumet
Zin
The Shining One
Beogh

Shops:
D:1 =   D:9 ?[   Orc:2 *([[(

Annotations:
D:5 2 transporters, Sapher's ghost, weakling DDDe
Lair:3 swamp, snake
Lair:5 2 runed translucent doors, nago's ghost, journeyman VSAE
Snake:3 Asterion


Message History

Aim: a will-o-the-wisp (74% to hit)
Okay, then.
Casting: Bolt of Magma (safe; 1% risk of failure)
Confirm with . or Enter, or press ? or * to list all spells.
Okay, then.
Casting: Bolt of Magma (safe; 1% risk of failure)
Confirm with . or Enter, or press ? or * to list all spells.
Aiming: Bolt of Magma (safe; 1% risk of failure)
Press: ? - help, Shift-Dir - straight line, f - will-o-the-wisp, p - tyrant leech
Aim: a will-o-the-wisp (74% to hit)
The bolt of magma hits the will-o-the-wisp!!
The will-o-the-wisp partially resists.
The will-o-the-wisp is heavily damaged.
The will-o-the-wisp gives a chilling moan.
The tyrant leech is engulfed in a cloud of scalding steam.
The will-o-the-wisp gestures.
The will-o-the-wisp conjures some foxfire!
The will-o-the-wisp gestures.
The will-o-the-wisp conjures some foxfire! 2 foxfires come into view.
Casting: Bolt of Magma (safe; 1% risk of failure)
Confirm with . or Enter, or press ? or * to list all spells.
Aiming: Bolt of Magma (safe; 1% risk of failure)
Press: ? - help, Shift-Dir - straight line, f - will-o-the-wisp, p - will-o-the-wisp
Aim: a will-o-the-wisp (74% to hit)
The bolt of magma hits the tyrant leech!!
The tyrant leech is almost dead.
The bolt of magma hits the foxfire!!
The foxfire partially resists.
The foxfire is lightly damaged.
The bolt of magma hits the will-o-the-wisp!!
The will-o-the-wisp partially resists.
The will-o-the-wisp is heavily damaged.
A foxfire comes into view. x2
The foxfire hits you! The foxfire hits you!!! The tyrant leech bites you!!
* * * LOW HITPOINT WARNING * * *
The tyrant leech draws strength from your injuries!
The goliath frog hits you from afar!
* * * LOW HITPOINT WARNING * * *
You are splashed with acid!
You die...

♣♣ .♣ .♣
♣♣.♣ ♣@.♣
♣w§§♣ §§F§§♣
.§≈§≈§..
.≈♣§§§§§..♣
♣≈≈.≈≈§†≈.♣
♣.≈≈≈≈≈≈≈..
≈.≈.≈≈≈♣≈≈.♣


You could see a tyrant leech and a goliath frog.

Vanquished Creatures
  Rupert (D:13)
  Gastronok (D:9)
  Donald (Orc:2)
  2 nagarajas (Snake:4)
  2 orc warlords (Orc:2)
  A bunyip (Swamp:1)
  2 blizzard demons (IceCv)
  15 naga warriors
  4 hydras
  2 boulder beetles
  2 catoblepae
  3 centaur warriors
  2 salamander tyrants (Snake:4)
  7 anacondas
  A death knight (D:13)
  A tengu warrior (D:10)
  Urug (D:13)
  3 two-headed ogres
  3 orc high priests (Orc:2)
  13 naga sharpshooters
  4 shock serpents
  Sonja (Lair:3)
  9 salamander mystics
  3 skeletal warriors (D:13)
  5 naga ritualists
  2 bog bodies (Lair:3)
  A wizard (D:15)
  3 orc knights (Orc:2)
  3 deep elf pyromancers (Elf:1)
  2 deep elf zephyrmancers (Elf:1)
  4 mana vipers
  An ugly thing (IceCv)
  13 salamanders
  5 cyclopes
  An orc sorcerer (Orc:2)
  A manticore (D:12)
  3 ice statues
  5 elephants
  A centaur zombie (D:11)
  15 black mambas
  4 guardian serpents
  A torpor snail (Lair:5)
  20 naga magi
  5 cane toads
  4 gargoyles
  5 ice devils (IceCv)
  5 kobold demonologists
  A tengu conjurer (D:14)
  3 freezing wraiths (IceCv)
  An unseen horror (D:13)
  5 komodo dragons
  5 anaconda simulacra (IceCv)
  9 polar bears (Lair:6)
  A tyrant leech (Swamp:1)
  5 trolls
  2 wolf spider simulacra (IceCv)
  Prince Ribbit (Lair:1)
  A hornet (D:11)
  A raiju (shapeshifter) (D:13)
  A dream sheep (Lair:6)
  10 blink frogs
  3 raiju (Lair:6)
  A shadow (D:9)
  4 wyverns
  Grum (D:10)
  3 dire elephant simulacra (IceCv)
  16 humans (D:13)
  29 yaks
  11 vampire mosquitoes
  2 basilisks
  Eustachio (D:4)
  3 steam dragons
  2 iron troll simulacra (IceCv)
  44 nagas
  14 hell hounds (Lair:6)
  4 hydra simulacra (IceCv)
  4 harpy simulacra (IceCv)
  7 wargs
  13 water moccasins
  2 acid dragons
  A swamp worm (Lair:3)
  36 orc warriors
  A swamp drake (Lair:5)
  An ice beast (D:8)
  A sky beast (D:8)
  13 black bears
  A necrophage (D:6)
  7 ogres
  12 centaurs
  19 wolves
  Blork the orc (D:5)
  5 kobold brigands
  7 bullfrogs
  2 gnoll sergeants
  4 scorpions
  4 wights (D:8)
  An electric eel (Lair:3)
  2 howler monkeys
  A bullfrog zombie (D:5)
  2 jellies
  2 draconian simulacra (IceCv)
  17 orc priests
  A hound (D:7)
  A gnoll shaman (D:8)
  A bullfrog skeleton (D:5)
  A centaur skeleton (D:5)
  18 orc wizards
  3 iguanas
  6 troll simulacra (IceCv)
  A wolf simulacrum (IceCv)
  4 centaur simulacra (IceCv)
  A howler monkey zombie (D:9)
  13 gnolls
  4 adders (D:3)
  3 naga simulacra (IceCv)
  2 ogre simulacra (IceCv)
  A shadow imp (D:6)
  5 white imps
  5 ufetubi (IceCv)
  A worm (D:4)
  A dart slug (D:4)
  86 orcs
  6 ball pythons
  6 endoplasms
  4 giant cockroaches
  3 hobgoblins
  9 jackals
  3 quokkas
  4 bats
  4 frilled lizards (D:1)
  3 goblins
  10 kobolds
  7 rats
760 creatures vanquished.

Vanquished Creatures (collateral kills)
  An anaconda (Snake:2)
1 creature vanquished.

Vanquished Creatures (others)
  2 black mambas
  A gnoll (D:8)
  4 foxfires (Swamp:1)
  40 fungi
  69 plants
116 creatures vanquished.

Grand Total: 877 creatures vanquished

Notes
Turn   | Place    | Note
-------+----------+-------------------------------------------
     0 | D:1      | ipx the Deep Elf Earth Elementalist began the quest for the
                  | Orb.
     0 | D:1      | Reached XP level 1. HP: 10/10 MP: 6/6
   161 | D:1      | Reached XP level 2. HP: 15/15 MP: 4/8
   164 | D:1      | Learned a level 2 spell: Passwall
   264 | D:1      | Found Zeifek's Jewellery Shoppe.
   372 | D:1      | Reached XP level 3. HP: 19/19 MP: 7/9
   376 | D:1      | Learned a level 3 spell: Stone Arrow
   849 | D:3      | Noticed a black bear
   939 | D:3      | Reached skill level 1 in Conjurations
  1020 | D:3      | Reached skill level 5 in Earth Magic
  1020 | D:3      | Reached XP level 4. HP: 24/24 MP: 10/10
  1076 | D:3      | Found an opulent altar of Gozag.
  1103 | D:3      | Became a worshipper of Gozag Ym Sagoz the Greedy
  1196 | D:3      | Reached XP level 5. HP: 22/28 MP: 11/11
  1431 | D:4      | Found a radiant altar of Vehumet.
  1458 | D:4      | Noticed an ogre
  1462 | D:4      | Noticed an ogre
  1488 | D:4      | Killed an ogre
  1489 | D:4      | Reached XP level 6. HP: 32/32 MP: 12/12
  1499 | D:4      | Noticed Eustachio
  1566 | D:4      | Learned a level 4 spell: Petrify
  1606 | D:5      | Entered Level 5 of the Dungeon
  1709 | D:5      | Found a transporter.
  1724 | D:5      | Found a transporter.
  1725 | D:5      | Noticed Sapher's ghost (weakling DDDe)
  1789 | D:5      | Reached skill level 4 in Spellcasting
  1789 | D:5      | Reached XP level 7. HP: 15/36 MP: 15/15
  1963 | D:5      | Noticed Blork the orc
  1965 | D:5      | Killed Blork the orc
  1966 | D:5      | Reached skill level 5 in Conjurations
  2062 | D:6      | Learned a level 2 spell: Blink
  2212 | D:1      | Bought an amulet of magic regeneration for 360 gold pieces
  2331 | D:4      | Fell from the grace of Gozag
  2331 | D:4      | Became a worshipper of Vehumet
  2449 | D:6      | Reached skill level 5 in Spellcasting
  2493 | D:6      | Reached XP level 8. HP: 41/41 MP: 17/17
  2510 | D:6      | Reached skill level 5 in Stealth
  2550 | D:7      | Found a staircase to the Ecumenical Temple.
  2578 | D:7      | Noticed a two-headed ogre
  2585 | D:7      | Killed a two-headed ogre
  2586 | D:7      | Was forgiven by Gozag
  2592 | D:7      | Learned a level 5 spell: Lee's Rapid Deconstruction
  2600 | D:7      | Reached XP level 9. HP: 23/45 MP: 18/18
  2661 | D:7      | Reached skill level 10 in Earth Magic
  2743 | D:8      | Reached * piety under Vehumet
  2743 | D:8      | Offered knowledge of Shock by Vehumet.
  2820 | D:8      | Reached skill level 5 in Transmutations
  2907 | D:8      | Reached skill level 6 in Spellcasting
  2921 | D:8      | Reached skill level 5 in Dodging
  2978 | D:8      | Noticed a gargoyle
  2984 | D:8      | Killed a gargoyle
  2985 | D:8      | Reached skill level 7 in Spellcasting
  3030 | D:8      | Noticed a troll
  3033 | D:8      | Killed a troll
  3058 | D:8      | Reached skill level 1 in Fighting
  3072 | D:8      | Reached skill level 8 in Spellcasting
  3099 | D:8      | Reached XP level 10. HP: 53/53 MP: 19/24
  3135 | D:8      | Learned a level 1 spell: Magic Dart
  3175 | D:9      | Noticed Gastronok
  3284 | D:8      | Found a staircase to the Lair.
  3307 | D:8      | Reached ** piety under Vehumet
  3322 | Lair:1   | Entered Level 1 of the Lair of Beasts
  3369 | Lair:2   | Offered knowledge of Static Discharge by Vehumet.
  3372 | Lair:2   | Reached skill level 9 in Spellcasting
  3428 | Lair:2   | Noticed a black mamba
  3432 | Lair:2   | Killed a black mamba
  3486 | Lair:4   | Noticed a cane toad
  3487 | Lair:4   | Noticed a catoblepas
  3542 | Lair:3   | Noticed a cane toad
  3550 | Lair:3   | Killed a cane toad
  3556 | Lair:3   | Noticed a bog body
  3559 | Lair:3   | Killed a bog body
  3587 | Lair:3   | Noticed Sonja
  3594 | Lair:3   | Killed Sonja
  3595 | Lair:3   | Reached XP level 11. HP: 42/62 MP: 13/26
  3618 | Lair:3   | Found a staircase to the Snake Pit.
  3624 | Lair:3   | Noticed a bog body
  3704 | Lair:3   | Noticed a catoblepas
  3760 | Lair:3   | Noticed an eight-headed hydra
  3767 | Lair:3   | Killed an eight-headed hydra
  3768 | Lair:3   | Reached skill level 5 in Fighting
  3768 | Lair:3   | Reached skill level 10 in Spellcasting
  3772 | Lair:3   | Learned a level 3 spell: Mephitic Cloud
  3827 | Lair:3   | Reached skill level 1 in Air Magic
  3827 | Lair:3   | Reached skill level 1 in Poison Magic
  3942 | Lair:4   | Noticed a seven-headed hydra
  3961 | Lair:4   | Killed a catoblepas
  3961 | Lair:4   | Offered knowledge of Dazzling Flash by Vehumet.
  3962 | Lair:4   | Reached skill level 10 in Dodging
  4063 | Lair:4   | Killed a seven-headed hydra
  4139 | Lair:4   | Reached *** piety under Vehumet
  4313 | Lair:5   | Reached XP level 12. HP: 61/68 MP: 28/28
  4314 | Lair:5   | Found a large runed translucent door.
  4314 | Lair:5   | Found a large runed translucent door.
  4316 | Lair:5   | Noticed nago's ghost (journeyman VSAE)
  4345 | Lair:5   | Reached skill level 11 in Spellcasting
  4414 | Lair:6   | Entered Level 6 of the Lair of Beasts
  4431 | Lair:6   | Noticed a five-headed hydra
  4468 | Lair:6   | Offered knowledge of Fulminant Prism by Vehumet.
  4694 | Lair:6   | Reached **** piety under Vehumet
  4701 | Lair:6   | Reached skill level 12 in Spellcasting
  4873 | Lair:6   | Noticed a six-headed hydra
  4881 | Lair:6   | Offered knowledge of Frozen Ramparts by Vehumet.
  4882 | Lair:6   | Killed a six-headed hydra
  5151 | Lair:6   | Reached skill level 13 in Spellcasting
  5210 | Lair:6   | Noticed a boulder beetle
  5221 | Lair:6   | Killed a boulder beetle
  5222 | Lair:6   | Reached XP level 13. HP: 76/76 MP: 5/32
  5436 | Lair:1   | Noticed Prince Ribbit
  5449 | Lair:1   | Killed Prince Ribbit
  5535 | D:9      | Identified the +9 long sword "Piugronn" {flame, rC+ rN+
                  | Will+ Int+3}
  5544 | D:9      | Reached ***** piety under Vehumet
  5567 | D:9      | Learned a level 6 spell: Iron Shot
  5581 | D:9      | Offered knowledge of Conjure Ball Lightning by Vehumet.
  5681 | D:9      | Found Nekleihi's Armour Emporium.
  5737 | D:10     | Entered Level 10 of the Dungeon
  5740 | D:10     | Noticed Grum
  5745 | D:10     | Killed Grum
  5852 | D:10     | Found a glowing silver altar of Zin.
  5853 | D:10     | Found a glowing golden altar of the Shining One.
  5855 | D:10     | Found a white marble altar of Elyvilon.
  5885 | D:10     | Found the +27 Lear's hauberk
  6001 | D:10     | Found a staircase to the Orcish Mines.
  6146 | D:11     | Found a hazy altar of Hepliaklqana.
  6178 | D:11     | Learned a level 1 spell: Apportation
  6241 | D:11     | Reached skill level 14 in Spellcasting
  6302 | D:12     | Reached skill level 1 in Evocations
  6346 | D:12     | Reached skill level 1 in Shields
  6531 | D:13     | Found a gate to the Vaults.
  6531 | D:13     | Noticed Nessos
  6531 | D:13     | Noticed Rupert
  6531 | D:13     | Noticed Urug
  6739 | Orc:1    | Entered Level 1 of the Orcish Mines
  6829 | Orc:2    | Entered Level 2 of the Orcish Mines
  6829 | Orc:2    | Found a staircase to the Elven Halls.
  6868 | Orc:2    | Found Zenuh's Antique Armour Shop.
  6956 | Orc:2    | Offered knowledge of Iskenderun's Mystic Blast by Vehumet.
  7072 | Orc:2    | Found Omnut's Antique Weapon Shop.
  7107 | Orc:2    | Noticed Donald
  7114 | Orc:2    | Killed Donald
  7324 | Orc:2    | Noticed an orc warlord
  7340 | Orc:2    | Killed an orc warlord
  7347 | Orc:2    | Reached XP level 14. HP: 72/84 MP: 2/34
  7489 | Orc:2    | Noticed an orc warlord
  7521 | Orc:2    | Killed an orc warlord
  7700 | Orc:2    | Found Moufirus's General Store.
  7708 | Orc:2    | Bought a potion of cancellation for 104 gold pieces
  7708 | Orc:2    | Bought a potion of heal wounds for 65 gold pieces
  7752 | Orc:2    | Found Ziteh's Antique Weapon Boutique.
  7756 | Orc:2    | Found Wirr's Antique Armour Shop.
  7767 | Orc:2    | Upgraded the game from 0.27-a0-1281-ge233d83751 to
                  | 0.27-a0-1287-gca74d27db6
  7821 | Elf:1    | Entered Level 1 of the Elven Halls
  7899 | D:9      | Found Ibifelu's Magic Scroll Shop.
  7903 | D:9      | Killed Gastronok
  8023 | D:4      | Killed Eustachio
  8131 | D:1      | Bought a ring of poison resistance for 240 gold pieces
  8131 | D:1      | Bought a ring of protection from cold for 300 gold pieces
  8131 | D:1      | Bought a ring of protection from fire for 300 gold pieces
  8302 | D:9      | Bought a scroll of magic mapping for 49 gold pieces
  8302 | D:9      | Bought a scroll of identify for 28 gold pieces
  8302 | D:9      | Identified a scroll of acquirement
  8303 | D:9      | Acquired a book of Fire
  8311 | D:9      | Learned a level 5 spell: Bolt of Magma
  8426 | D:13     | Reached skill level 1 in Fire Magic
  8428 | D:13     | Offered knowledge of Freezing Cloud by Vehumet.
  8538 | D:15     | Entered Level 15 of the Dungeon
  8689 | D:13     | Killed Rupert
  8690 | D:13     | Reached skill level 5 in Fire Magic
  8690 | D:13     | Killed Urug
  8703 | D:13     | Noticed Nessos
  8703 | D:13     | Nessos changed into Nessos the shapeshifter
  8704 | D:13     | Noticed Nessos
  8704 | D:13     | Nessos the shapeshifter changed into Nessos the cane toad
  8707 | D:13     | Noticed Nessos
  8707 | D:13     | Nessos the cane toad changed into Nessos the raiju
  8711 | D:13     | Killed Nessos the raiju
  8856 | D:9      | Bought a +0 pair of boots of flying for 184 gold pieces
  8856 | D:9      | Bought a +2 buckler for 264 gold pieces
  8990 | Snake:1  | Entered Level 1 of the Snake Pit
  9098 | Snake:1  | Reached XP level 15. HP: 73/88 MP: 27/35
  9315 | Snake:1  | Found a frozen archway.
  9391 | IceCv    | Entered an ice cave
  9527 | IceCv    | Learned a level 6 spell: Starburst
  9585 | IceCv    | Reached ****** piety under Vehumet
  9590 | IceCv    | Offered knowledge of Lightning Bolt by Vehumet.
  9850 | IceCv    | Reached skill level 5 in Evocations
  9856 | IceCv    | Reached skill level 15 in Spellcasting
 10115 | Snake:2  | Reached skill level 10 in Conjurations
 10123 | Snake:2  | Learned a level 2 spell: Sublimation of Blood
 10191 | Snake:2  | Reached skill level 1 in Necromancy
 10269 | Snake:2  | Reached skill level 10 in Fire Magic
 10414 | Snake:4  | Entered Level 4 of the Snake Pit
 10514 | Snake:4  | Offered knowledge of Ozocubu's Refrigeration by Vehumet.
 10573 | Snake:4  | Reached XP level 16. HP: 93/93 MP: 19/37
 10938 | Snake:3  | Noticed Asterion
 11195 | Snake:4  | Found an opulent altar of Gozag.
 11490 | Snake:4  | Got a serpentine rune of Zot
 11681 | Lair:3   | Found a staircase to the Swamp.
 11698 | Swamp:1  | Entered Level 1 of the Swamp
 11709 | Swamp:1  | Splashed by a goliath frog's acid

Illustrated notes

Levels and vault maps discovered:
D:1:      saegor_arrival_simple_b, layout_rooms, serial_shops, shop,
          hellmonk_ecumenical_altar_leap_of_faith, hangedman_decor_points
D:2:      layout_loops_ring
D:3:      layout_loops_ring, old_standard_altar, kennysheep_doodads,
          moated_statue, hex_large, kennysheep_small_spiral,
          amcnicky_mini_rare_corridor_liquid
D:4:      layout_cave_pools, amethyst_overflow_temple_binary, uniq_eustachio
D:5:      layout_loops_corners, gammafunk_ghost_smash, uniq_blork_the_orc
D:6:      cheibrodos_fzero, layout_cave_pools, kennysheep_mini,
          kennysheep_minor_cross
D:7:      layout_gridville, lemuel_crystal_altar,
          minmay_temple_entry_enclosed_plants, kennysheep_generic_room_13
D:8:      hangedman_cross_stitches, layout_basic, minmay_lair_entry_grove,
          special_room [special_room_orc]
D:9:      minmay_skewed_foursquare, layout_irregular_city, serial_shops,
          nicolae_shop_competitors_out_of_business, nicolae_shop_waterfront,
          nicolae_shop_competitors_out_of_business, shop, uniq_gastronok
D:10:     layout_loops_ring, good_gods_temple_1, david_orc_2,
          hellmonk_guarded_unrand_lears, uniq_snorg, uniq_grum
D:11:     layout_loops_ring, kennysheep_pointless_box,
          nzn_hepliaklqana_mist_gate
D:12:     layout_loops_ring
D:13:     layout_basic, david_vaults_3, uniq_jorgrun, uniq_rupert
D:14:     layout_cave_pods, nicolae_tso_carved_into_rock,
          nicolae_trove_entry_isolated
D:15:     grunt_enter_depths_magical_seal, layout_loops_ring,
          amcnicky_mini_pool_small, st_stairs_4
Lair:1:   layout_roguey, uniq_prince_ribbit2, uniq_maggie
Lair:2:   layout_gridlike, grunt_megastairs_3, lemuel_fruit_fields,
          infiniplex_staircase_pool_2
Lair:3:   layout_cave_pods, nicolae_swamp_entry_splash_gauntlet,
          guppyfry_snake_entry_island, hangedman_lair_generics_rect,
          lemuel_fruit_tree, uniq_sonja
Lair:4:   layout_misc_corridors, lookout_lair_type, minivault_26, uniq_urug
Lair:5:   layout_regular_city, ebering_ghost_disaster_area,
          guppyfry_lair_drakes, lemuel_fruit_fields
Lair:6:   hangedman_lair_caniforms_friends, layout_cave_pods,
          nicolae_slime_entry_slimehenge
Swamp:1:  nicolae_swamp_secret_spriggan_hideout, layout_falls_marsh,
          evilmike_swamp_ruin_house_3
Snake:1:  layout_basic, portal_ice_cave_entry_ice_statue_two
Snake:2:  layout_layer_cave, uniq_roxanne
Snake:3:  layout_rooms, special_room, grunt_megastairs_4, uniq_asterion,
          uniq_aizul
Snake:4:  snake_pit, layout_cave_town, basic_altar
Orc:1:    layout_caves
Orc:2:    grunt_orc_community_town_hall, layout_caves,
          grunt_orc_community_big_house_2, grunt_orc_community_big_house_1,
          grunt_orc_community_house_1, grunt_orc_community_house_2,
          grunt_orc_community_house_1, grunt_orc_community_house_2,
          grunt_orc_community_house_2, grunt_orc_community_house_1,
          serial_shops, shop, uniq_donald
Elf:1:    eino_elf_arrival_the_gate, layout_geoelf_grid, minmay_elf_sorcery,
          hangedman_decor_cross_pass

Skill      XL: |  1  2  3  4  5  6  7  8  9 10 11 12 13 14 15 16 |
---------------+-------------------------------------------------+-----
Earth Magic    | 4 5 6 7 8 9 10 11 12 14 | 14.0
Conjurations   | 2 3 4 5 6 8 11 12 | 12.0
Spellcasting   | 4 5 8 9 10 13 14 15 | 15.0
Stealth        | 3 5 6 9 |  9.0
Transmutations | 2 4 5 |  5.0
Translocations | 2 |  2.0
Dodging        | 6 8 11 13 14 | 14.7
Fighting       | 1 4 5 7 8 |  8.0
Air Magic      | 2 |  2.0
Poison Magic   | 2 |  2.0
Evocations     | 3 6 |  6.0
Shields        | 3 4 |  4.0
Fire Magic     | 7 10 13 | 13.3
Necromancy     | 4 |  4.0

Action                   |  1- 3 |  4- 6 |  7- 9 | 10-12 | 13-15 | 16-18 || total
-------------------------+-------+-------+-------+-------+-------+-------++-------
Melee: Falchion          |     7 |     1 |       |       |       |       ||     8
       Staff             |       |       |       |       |     5 |       ||     5
Throw: Stone             |     2 |     1 |     3 |       |       |       ||     6
       Dart              |       |       |     2 |     2 |     7 |       ||    11
 Cast: Sandblast         |    47 |    27 |    46 |   111 |   109 |       ||   340
       Stone Arrow       |     4 |    11 |    50 |   137 |   110 |    27 ||   339
       Passwall          |       |     1 |     2 |     2 |    19 |     8 ||    32
       Lee's Rapid Decon |       |       |     4 |    67 |   135 |     8 ||   214
       Petrify           |       |       |     1 |    21 |     5 |       ||    27
       Magic Dart        |       |       |       |    76 |       |       ||    76
       Iron Shot         |       |       |       |       |   179 |    85 ||   264
       Apportation       |       |       |       |       |    47 |     6 ||    53
       Bolt of Magma     |       |       |       |       |    56 |    26 ||    82
       Sublimation of Bl |       |       |       |       |    14 |    48 ||    62
       Starburst         |       |       |       |       |     5 |     2 ||     7
Evoke: Wand              |       |       |       |     9 |    19 |     3 ||    31
       Lightning rod     |       |       |       |       |     7 |       ||     7
  Use: Scroll            |     3 |     7 |     1 |     8 |    18 |     1 ||    38
       Potion            |       |     1 |       |     1 |       |     1 ||     3
Armor: Robe              |     2 |     1 |     1 |       |       |       ||     4
       Steam dragon scal |       |       |     1 |     9 |    14 |       ||    24
       Troll leather arm |       |       |       |       |     8 |     7 ||    15
Dodge: Dodged            |    12 |     7 |    15 |    58 |    96 |    16 ||   204
Block: Buckler           |       |       |       |       |    27 |     6 ||    33
       Rpst.: Falchion   |     2 |     1 |       |       |       |       ||     3
       Long sword        |       |       |       |       |     2 |       ||     2

Table legend: (Time is in decaauts)
 A = Elapsed time spent in this place.
 B = Non-inter-level travel time spent in this place.
 C = Inter-level travel time spent in this place.
 D = Time resting spent in this place.
 E = Time spent auto-exploring this place.
 F = Levels seen in this place.
 G = Mean time per level.
                   A        B        C        D        E       F      G
               +--------+--------+--------+--------+--------+-----+--------+
         Total |  12018 |  11837 |    181 |      6 |      0 |  30 |  400.6 |
       Dungeon |   5712 |   5531 |    181 |      0 |      0 |  15 |  380.8 |
          Lair |   2389 |   2389 |      0 |      0 |      0 |   6 |  398.2 |
         Swamp |     10 |     10 |      0 |      0 |      0 |   1 |   10.0 |
     Snake Pit |   2245 |   2245 |      0 |      6 |      0 |   4 |  561.2 |
  Orcish Mines |   1101 |   1101 |      0 |      0 |      0 |   2 |  550.5 |
   Elven Halls |     16 |     16 |      0 |      0 |      0 |   1 |   16.0 |
      Ice Cave |    541 |    541 |      0 |      0 |      0 |   1 |  541.0 |
               +--------+--------+--------+--------+--------+-----+--------+

Top non-repeatable levels by time:
   Orc:2: 932 daAuts
  Lair:6: 921 daAuts
 Snake:4: 871 daAuts
     D:8: 662 daAuts
     D:1: 642 daAuts
     D:3: 571 daAuts
  Lair:3: 558 daAuts
     D:5: 546 daAuts
   IceCv: 541 daAuts
 Snake:1: 525 daAuts
     D:2: 516 daAuts
 Snake:2: 464 daAuts
    D:11: 434 daAuts
     D:9: 430 daAuts
 Snake:3: 383 daAuts
